 Dungeon Crawl Stone Soup version 0.27-a0-909-g0721f309d1 (webtiles) character file.

Game seed: 2271692828010679966

3926 GordonOverkill the Carver (level 10, -4/63 HPs)
             Began as a Djinni Gladiator on Apr 8, 2021.
             Was an Elder of Hepliaklqana.
             Slain by a wyvern (13 damage)
             ... on level 8 of the Dungeon.
             The game lasted 00:18:46 (10498 turns).

GordonOverkill the Carver (Djinni Gladiator)       Turns: 10498, Time: 00:18:47

Health: -4/63      AC:  9    Str: 16    XL:     10   Next: 20%
Gold:   366        EV:  7    Int: 10    God:    Hepliaklqana [****..] SH: 13 Dex: 21

rFire    + . .     SeeInvis .   h - +2 dagger (venom)
rCold    . . .     Faith    .   e - +0 tower shield
rNeg     . . .     Spirit   .   m - +0 scale mail
rPois    ∞         Reflect  .   c - +0 helmet
rElec    .         Harm     .   t - +0 cloak
rCorr    .         Rampage  .   (no gloves)
Will     +....                  (boots unavailable)
Stlth    ..........             (no amulet)
HPRegen  0.20/turn              E - +6 ring of dexterity
MPRegen  0.00/turn              b - ring of ice

@: about to teleport, flying
A: reduced essence, fire resistance 2, cold vulnerability 1, float, innate
caster, hp casting, extra vitality 1
a: Renounce Religion, Recall Ancestor, Ancestor Identity, Transference, Idealise


You were on level 8 of the Dungeon.
You worshipped Hepliaklqana.
Hepliaklqana was greatly pleased with you.
You visited 1 branch of the dungeon, and saw 8 of its levels.
You also visited: Ossuary.

You collected 366 gold pieces.

Inventory:

Hand Weapons
 a - a +0 long sword
 h - a +2 dagger of venom (weapon)
Missiles
 d - 4 throwing nets
 y - 40 poisoned darts (quivered)
Armour
 c - a +0 helmet (worn)
 e - a +0 tower shield (worn)
 m - a +0 scale mail (worn)
 t - a +0 cloak (worn)
Jewellery
 b - a ring of ice (right hand)
 E - a +6 ring of dexterity (left hand)
Wands
 D - a wand of flame (18)
 G - a wand of digging (5)
 H - a wand of paralysis (13)
Scrolls
 f - a scroll of teleportation
 i - a scroll of magic mapping {unknown}
 j - a scroll of vulnerability {unknown}
 k - a scroll of torment {unknown}
 l - a scroll of enchant armour {unknown}
 p - a scroll of silence {unknown}
 q - 2 scrolls of enchant weapon
 r - a scroll of blinking {unknown}
 C - a scroll of holy word {unknown}
Potions
 g - 5 potions of lignification
 n - 3 potions of curing
 o - a potion of might
 s - 3 potions of heal wounds
 u - a potion of attraction
 v - a potion of cancellation
 w - 2 potions of haste
 x - a potion of brilliance
 z - a potion of ambrosia {unknown}
 A - a potion of berserk rage {unknown}
 B - a potion of mutation {unknown}
 F - 2 potions of resistance {unknown}


   Skills:
 - Level 5.0 Fighting
 * Level 11.2 Long Blades
 - Level 2.0 Throwing
 - Level 3.0 Armour
 - Level 4.0 Dodging
 + Level 2.9 Shields
 + Level 3.5 Invocations


You couldn't memorise any spells.
You knew the following spells:

 Your Spells              Type           Power      Damage    Failure   Level
a - Shock                 Conj/Air       0%         1d3       100%        1
b - Poisonous Vapours     Pois/Air       0%         N/A       100%        2
c - Dazzling Flash        Conj/Hex       0%         N/A       100%        3
d - Static Discharge      Conj/Air       0%         N/A       100%        3
Your spell library was empty.


Dungeon Overview and Level Annotations

Branches:
Dungeon (8/15)             Temple (0/1) D:7            Lair (0/6) D:8
Ossuary (visited)

Altars:
Ashenzari
Fedhas
Gozag
Hepliaklqana
Nemelex Xobeh
Okawaru
Qazlal
Ru
Sif Muna
Yredelemnul
Zin

Shops:
D:6 [


Innate Abilities, Weirdness & Mutations

Your life essence is reduced to manifest your ancestor. (-10% HP)
You are immune to poison.
Your flesh is very heat resistant. (rF++)
You are vulnerable to cold. (rC-)
You float through the air rather than walking.
You learn spells naturally, not from books.
Your magical power is your life essence.
You have superior vitality. (+4 HP)


Message History

Thekkon Flatjaw blocks the water moccasin's attack.
The water moccasin bites something but does no damage.
Thekkon Flatjaw blocks something's attack.
The water moccasin bites Thekkon Flatjaw but does no damage.
Something bites Thekkon Flatjaw but does no damage.
Thekkon Flatjaw hits the water moccasin with a +0 flail!
The water moccasin dies!
Something bites Thekkon Flatjaw!
Something barely misses Thekkon Flatjaw.
Something bites Thekkon Flatjaw but does no damage.
The wyvern closely misses Thekkon Flatjaw.
The wyvern barely misses you.
Thekkon Flatjaw hits the wyvern with a +0 flail!
Thekkon Flatjaw completely misses the water moccasin.
You block the wyvern's attack. The wyvern closely misses you.
The wyvern hisses menacingly.
Something closely misses Thekkon Flatjaw.
The wyvern closely misses you. The wyvern barely misses you.
The wyvern bites you.
* * * LOW HITPOINT WARNING * * *
You block the wyvern's attack. You block the wyvern's attack.
The yak snorts and paws the ground.
The yak snorts and paws the ground.
The wyvern bites you!
* * * LOW HITPOINT WARNING * * *
The wyvern barely misses you. The wyvern bites you!
* * * LOW HITPOINT WARNING * * *
The wyvern bites you but does no damage.
You block the wyvern's attack.
As you read the scroll of teleportation, it crumbles to dust.
You feel strangely unstable.
The water moccasin bites you but does no damage.
The wyvern bites you!
* * * LOW HITPOINT WARNING * * *
The wyvern bites you!
You die...

## ### ### #.###. ###..##....
#.... ##.......##.. ##.##.
##..8...8..##.## #..##.
#...........#..# #..###
#.....8.....#..## #..# #
#..<.....<..#...#####..###
########.....8..@..#......#...##.
#......#.......llS.#.............
##.######..8...8..##....R...#....
#.## ##......Y###.....######..
#..# #........Y.YY..### #.. #..##
#..#..........## ###
##...####..####......##
#..........# ##.....#
#.........## ###..##


You could see 2 yaks, a water moccasin and 2 wyverns.

Vanquished Creatures
  A yak (D:8)
  A black bear (D:5)
  A centaur (D:6)
  A lemure (D:6)
  A phantom (D:6)
  A bullfrog (D:5)
  A wyvern zombie (D:7)
  2 scorpions
  2 centaur zombies
  3 orc priests
  An iguana (D:2)
  2 orc wizards
  A mummy (Ossuary)
  4 gnolls
  2 adders
  An adder zombie (Ossuary)
  2 dart slugs (D:4)
  5 orcs
  7 ball pythons
  4 bats (D:1)
  2 endoplasms
  5 giant cockroaches
  3 hobgoblins
  3 jackals
  4 kobolds
  3 quokkas
  5 frilled lizards
  6 goblins
  2 goblin zombies (Ossuary)
  A hobgoblin zombie (Ossuary)
  A jackal zombie (Ossuary)
  A kobold zombie (Ossuary)
  3 orc zombies (Ossuary)
  4 rats
  A spectral orc (D:7)
  A butterfly (D:5)
88 creatures vanquished.

Vanquished Creatures (collateral kills)
  A two-headed ogre (D:7)
  Pikel (D:6)
  A wyvern (D:8)
  2 water moccasins
  An orc warrior (D:7)
  A black bear (D:6)
  An ice beast (D:7)
  A centaur (D:5)
  2 ogres
  2 lemures (D:6)
  A phantom (D:5)
  A kobold brigand (D:6)
  An elf zombie (Ossuary)
  A bullfrog (D:7)
  A wyvern zombie (D:5)
  A water moccasin zombie (D:6)
  A jelly (D:6)
  A water moccasin skeleton (D:4)
  A bullfrog zombie (D:7)
  2 orc priests
  A centaur zombie (Ossuary)
  2 human zombies (Ossuary)
  A bullfrog skeleton (D:5)
  3 iguanas
  4 orc wizards
  A mummy (Ossuary)
  A howler monkey skeleton (D:5)
  An adder (D:5)
  A shadow imp (D:6)
  A white imp (D:6)
  An ufetubus (D:5)
  An adder skeleton (D:4)
  5 orcs
  2 endoplasms
  A hobgoblin (D:4)
  3 jackals (D:4)
  A ball python (D:3)
  3 goblins
  5 hobgoblin zombies (Ossuary)
  A jackal zombie (Ossuary)
  3 kobolds
  10 kobold zombies (Ossuary)
  5 orc zombies (Ossuary)
  2 rats
  2 rat zombies (Ossuary)
85 creatures vanquished.

Vanquished Creatures (others)
  A knight (D:7)
  2 ancestors
  2 fungi (D:8)
  7 plants (D:8)
12 creatures vanquished.

Grand Total: 185 creatures vanquished

Notes
Turn   | Place    | Note
-------+----------+-------------------------------------------
     0 | D:1      | GordonOverkill the Djinni Gladiator began the quest for the
                  | Orb.
     0 | D:1      | Reached XP level 1. HP: 18/18 MP: 0/0
    50 | D:1      | Found a faded altar of an unknown god.
    58 | D:1      | Became a worshipper of Hepliaklqana the Forgotten
    58 | D:1      | Reached * piety under Hepliaklqana
   283 | D:1      | Reached XP level 2. HP: 20/20 MP: 0/0
   574 | D:1      | Reached skill level 3 in Long Blades
   979 | D:2      | Reached ** piety under Hepliaklqana
   986 | D:2      | Reached XP level 3. HP: 25/25 MP: 0/0
   986 | D:2      | Learned a level 1 spell: Shock
  1657 | D:3      | Found a sparkling altar of Nemelex Xobeh.
  1710 | D:3      | Found a stormy altar of Qazlal.
  2204 | D:3      | Reached XP level 4. HP: 29/30 MP: 0/0
  3793 | D:4      | Remembered your ancestor Thekkon Flatjaw as a knight
  3841 | D:4      | Reached skill level 4 in Long Blades
  3841 | D:4      | Reached XP level 5. HP: 36/36 MP: 0/0
  3841 | D:4      | Learned a level 2 spell: Poisonous Vapours
  3965 | D:4      | Reached *** piety under Hepliaklqana
  4032 | D:4      | Found a sand-covered staircase.
  4052 | Ossuary  | Entered an ossuary
  4225 | Ossuary  | Reached XP level 6. HP: 34/41 MP: 0/0
  4232 | Ossuary  | Reached skill level 5 in Long Blades
  4625 | D:4      | Found a blossoming altar of Fedhas.
  4666 | D:4      | Reached XP level 7. HP: 35/46 MP: 0/0
  4666 | D:4      | Learned a level 3 spell: Dazzling Flash
  5113 | D:4      | Found a broken altar of Ashenzari.
  5224 | D:5      | Entered Level 5 of the Dungeon
  5224 | D:5      | Found an opulent altar of Gozag.
  5233 | D:5      | Reached skill level 6 in Long Blades
  5529 | D:5      | Reached skill level 5 in Fighting
  5902 | D:5      | Reached skill level 7 in Long Blades
  5902 | D:5      | Reached XP level 8. HP: 44/53 MP: 0/0
  6247 | D:5      | Reached skill level 8 in Long Blades
  6867 | D:6      | Reached skill level 1 in Armour
  7104 | D:6      | Found Joghump's Armour Shoppe.
  7107 | D:6      | Reached **** piety under Hepliaklqana
  7376 | D:6      | Reached skill level 9 in Long Blades
  7376 | D:6      | Reached XP level 9. HP: 32/58 MP: 0/0
  7376 | D:6      | Learned a level 3 spell: Static Discharge
  7556 | D:6      | Found a glowing silver altar of Zin.
  8043 | D:6      | Found an iron altar of Okawaru.
  8114 | D:6      | Noticed Pikel
  8128 | D:6      | Killed Pikel
  8129 | D:6      | Reached skill level 10 in Long Blades
  8903 | D:7      | Reached skill level 1 in Invocations
  9581 | D:7      | Noticed a two-headed ogre
  9968 | D:7      | Reached skill level 1 in Shields
  9996 | D:7      | Found a staircase to the Ecumenical Temple.
  9997 | D:7      | Found a sacrificial altar of Ru.
 10119 | D:7      | Killed a two-headed ogre
 10120 | D:7      | Reached skill level 11 in Long Blades
 10120 | D:7      | Reached XP level 10. HP: 40/63 MP: 0/0
 10303 | D:7      | Found a basalt altar of Yredelemnul.
 10459 | D:8      | Found a staircase to the Lair.
 10498 | D:8      | Slain by a wyvern

Illustrated notes

Levels and vault maps discovered:
D:1:      dpeg_arrival_lava_temple_mockup, layout_loops_ring,
          ebering_ecumenical_altar_sacrificial
D:2:      layout_loops_ring, basic_altar, minmay_tromino_i4
D:3:      layout_loops_cross, nemelex_spade_bored_becter, lemuel_tele_altar,
          serial_aquarium, aquarium_bridge_square [aquarium_subvault_balcony,
          aquarium_subvault_wall, aquarium_subvault_window,
          aquarium_subvault_bridge], aquarium_window_fake,
          aquarium_window_corner, aquarium_view_2d, kennysheep_generic_room_9
D:4:      layout_rooms, overflow_temple_1_default, lemuel_crystal_altar,
          enter_ossuary_1
D:5:      layout_rooms, nicolae_gozag_seed_capital, hangedman_glass_garden,
          kennysheep_generic_room_7, uniq_crazy_yiuf_cottage
D:6:      layout_layer_cave, old_standard_altar, kennysheep_mini_moat,
          serial_shops, shop, uniq_pikel
D:7:      layout_cave_pools, nicolae_overflow_hidden_temple,
          yredelemnul_forgotten_temple_becter, temple_statues,
          minmay_door_square, patterned_corridor
D:8:      lemuel_insect_pit, layout_layer_cave, overflow_temple_1_default,
          nicolae_hepliaklqana_hippocampus, minmay_lair_entry_grove,
          grunt_ogre_cave, grunt_decor_mini_mirrors, grunt_ministairs_10,
          uniq_joseph

Skill      XL: |  1  2  3  4  5  6  7  8  9 |
---------------+----------------------------+-----
Long Blades    | 3 4 5 7 9 11 | 11.2
Throwing       | 2 |  2.0
Fighting       | 3 4 5 |  5.0
Dodging        | 4 |  4.0
Armour         | 2 3 |  3.0
Invocations    | 3 |  3.5
Shields        | 2 |  2.9

Action                   |  1- 3 |  4- 6 |  7- 9 | 10-12 || total
-------------------------+-------+-------+-------+-------++-------
Melee: Long sword        |    86 |    37 |       |       ||   123
       Dagger            |       |   123 |   226 |    12 ||   361
Throw: Throwing net      |       |     1 |       |       ||     1
       Dart              |       |       |     8 |       ||     8
Invok: Ancestor Identity |     1 |       |       |       ||     1
       Recall Ancestor   |       |     2 |     2 |       ||     4
       Ancestor Life: Kn |       |     1 |       |       ||     1
  Use: Potion            |       |     7 |     2 |       ||     9
       Scroll            |       |     2 |     1 |     3 ||     6
 Stab: Sleeping          |       |     1 |       |       ||     1
       Distracted        |       |       |     2 |     1 ||     3
Armor: Leather armour    |    26 |    53 |    23 |       ||   102
       Skin              |       |     5 |       |       ||     5
       Scale mail        |       |       |    66 |     5 ||    71
Dodge: Dodged            |    70 |    68 |    64 |    10 ||   212
Block: Tower shield      |       |    52 |   136 |    10 ||   198
       Rpst.: Long sword |    19 |     6 |       |       ||    25

Table legend: (Time is in decaauts)
 A = Elapsed time spent in this place.
 B = Non-inter-level travel time spent in this place.
 C = Inter-level travel time spent in this place.
 D = Time resting spent in this place.
 E = Time spent auto-exploring this place.
 F = Levels seen in this place.
 G = Mean time per level.
                   A        B        C        D        E       F      G
               +--------+--------+--------+--------+--------+-----+--------+
         Total |  10619 |  10179 |    440 |   3224 |   5096 |   9 | 1179.9 |
       Dungeon |  10124 |   9684 |    440 |   3035 |   5080 |   8 | 1265.5 |
       Ossuary |    494 |    494 |      0 |    189 |     16 |   1 |  494.0 |
               +--------+--------+--------+--------+--------+-----+--------+

Top non-repeatable levels by time:
     D:6: 2528 daAuts
     D:2: 1759 daAuts
     D:5: 1507 daAuts
     D:7: 1143 daAuts
     D:1: 1111 daAuts
     D:4: 978 daAuts
     D:3: 946 daAuts
 Ossuary: 494 daAuts
     D:8: 148 daAuts
